 Dungeon Crawl Stone Soup version 0.26-a0-639-g72c4674329 (webtiles) character file.

Game seed: 656926592448341975

2422 Lanoc the Frost Mage (level 9, 0/57 HPs)
             Began as a Formicid Ice Elementalist on Sept 23, 2020.
             Was an Elder of Zin.
             Killed from afar by a white imp (7 damage)
             ... with a puff of frost
             ... on level 6 of the Dungeon.
             The game lasted 00:12:38 (5852 turns).

Lanoc the Frost Mage (Formicid Ice Elementalist)    Turns: 5852, Time: 00:12:38

Health: 0/57       AC: 10    Str: 13    XL:     9   Next: 76%
Magic:  9/14       EV: 14    Int: 18    God:    Zin [****..]
Gold:   288        SH:  0    Dex: 11    Spells: 5/12 levels left

rFire    + . .     SeeInvis +   (no weapon)
rCold    . . .     Faith    .   (no shield)
rNeg     . . .     Spirit   .   e - +3 leather armour {rF+}
rPois    .         Reflect  .   (helmet unavailable)
rElec    .         Harm     .   (no cloak)
rCorr    .         Rampage  .   (no gloves)
MR       +....                  (no boots)
Stlth    ++........             (no amulet)
HPRegen  0.19/turn              i - +4 ring of protection
MPRegen  0.14/turn              t - ring of protection from magic

@: frozen ramparts
A: permanent stasis, dig shafts and tunnels, four strong arms, antennae 3
a: Dig, Shaft Self, Recite, Vitalisation, Imprison, Donate Gold, Renounce
Religion


You were on level 6 of the Dungeon.
You worshipped Zin.
Zin was greatly pleased with you.
You visited 2 branches of the dungeon, and saw 8 of its levels.

You collected 320 gold pieces.
You donated 32 gold pieces to Zin.

Inventory:

Missiles
 q - 2 atropa-tipped darts (quivered)
Armour
 e - a +3 leather armour of fire resistance (worn)
Jewellery
 i - a +4 ring of protection (left hand)
 t - a ring of protection from magic (right hand)
Wands
 d - a wand of paralysis (8)
 r - a wand of acid (7)
Scrolls
 a - a scroll of amnesia {unknown}
 b - 5 scrolls of identify {unknown}
 c - 3 scrolls of immolation
 g - a scroll of noise {unknown}
 h - 3 scrolls of remove curse {unknown}
 m - 3 scrolls of magic mapping {unknown}
 n - a scroll of enchant weapon {unknown}
 o - a scroll of holy word {unknown}
 s - a scroll of fog {unknown}
 v - a scroll of teleportation {unknown}
Potions
 f - 2 potions of heal wounds {unknown}
 j - a potion of haste {unknown}
 k - a potion of might {unknown}
 p - a potion of degeneration {unknown}
 u - 3 potions of mutation {unknown}
Miscellaneous
 l - a lightning rod (4/4)


   Skills:
 + Level 6.0 Dodging
 - Level 2.4 Stealth
 - Level 2.1 Spellcasting
 * Level 9.9 Ice Magic
 + Level 6.8 Invocations


You had 5 spell levels left.
You knew the following spells:

 Your Spells              Type           Power        Failure   Level
a - Freeze                Ice            ####         1%          1
b - Frozen Ramparts       Ice            #####.       1%          3
c - Ozocubu's Armour      Ice            #####...     1%          3

Your spell library contained the following spells:

 Spells                   Type           Power        Failure   Level
 Shock                    Conj/Air       #...         22%         1
 Hailstorm                Conj/Ice       ###.....     28%         4
 Summon Ice Beast         Ice/Summ       ###.....     28%         4
 Static Discharge         Conj/Air       #.......     56%         3
 Airstrike                Air            #.........   92%         4
 Lightning Bolt           Conj/Air       #.........   99%         5
 Swiftness                Air            Unusable     N/A         2

Dungeon Overview and Level Annotations

Branches:
Dungeon (7/15)             Temple (1/1) D:4

Altars:
Ashenzari
Cheibriados
Dithmenos
Elyvilon
Fedhas
Hepliaklqana
Kikubaaqudgha
Makhleb
Nemelex Xobeh
Okawaru
Qazlal
Ru
Sif Muna
Trog
Uskayaw
Wu Jian
Xom
Yredelemnul
Zin
The Shining One

Annotations:
D:4 1 runed translucent door
D:7 Joseph


Innate Abilities, Weirdness & Mutations

You cannot be hasted, slowed, berserked, paralysed or teleported.
You can dig through walls and to a lower floor.
Your four strong arms can wield two-handed weapons with a shield.
You have a pair of large antennae on your head. (SInv)


Message History

The white imp is heavily wounded.
The white imp resists.
The wall freezes the white imp.
The white imp hits you.
* * * LOW HITPOINT WARNING * * *
The white imp freezes you.
* * * LOW HITPOINT WARNING * * *
Throwing (i - inventory)
q - 3 atropa-tipped darts (quivered)
Press: ? - help, Shift-Dir - straight line, f - white imp
Aim: a white imp (heavily wounded, softly glowing, chance to blind on hit: 100%)
You throw an atropa-tipped dart.
The atropa-tipped dart hits the white imp.
The white imp appears confused.
The white imp is heavily wounded.
The white imp resists.
The wall freezes the white imp.
You hit the white imp.
The white imp is almost dead.
The white imp seems less confused.
The white imp resists.
The wall freezes the white imp.
The white imp gestures at you. The puff of frost hits you!
You die...

##### ....# ###.##########
.........>...# ###.########.#####
#.# #....5@# ###.# ##..###(##
....######...##...######
##...........##.....^..##########
###.######...(....###...........#
....# ###...........########.#
##### #.......###.# #.# #
##.......# #.# ##.# # ##.##.....#
#.# #..#


You could see a white imp (blind, corona).

Vanquished Creatures
  Pikel (D:5)
  The ghost of suvakkihuora the Grappler, a novice VSWr of Cheibriados (D:5)
  The ghost of tof the Chopper, an amateur MiBe of Trog (D:4)
  Sigmund (D:4)
  Menkaure (D:5)
  Duvessa (D:6)
  An orc warrior (D:6)
  A sky beast (D:6)
  A lemure (D:5)
  Blork the orc (D:5)
  Dowan (D:6)
  A scorpion (D:4)
  A centaur zombie (D:6)
  A jelly (D:7)
  A bullfrog zombie (D:6)
  A quasit (D:5)
  A centaur skeleton (D:4)
  A gnoll shaman (D:5)
  3 orc wizards
  Ijyb (D:3)
  4 worker ants
  A killer bee zombie (D:6)
  3 hound zombies
  3 worker ant zombies (D:6)
  9 gnolls
  A howler monkey skeleton (D:4)
  A river rat (D:4)
  3 adders
  A white imp (D:5)
  2 adder skeletons
  An adder zombie (D:6)
  2 worms
  2 leopard geckos
  7 orcs
  2 giant cockroaches
  2 goblins
  4 hobgoblins (D:3)
  11 jackals
  A quokka (D:3)
  A ball python (D:4)
  2 bats
  A giant cockroach zombie (D:6)
  A jackal skeleton (D:6)
  A jackal zombie (D:6)
  4 kobolds
  2 quokka skeletons (D:5)
  A quokka zombie (D:6)
  4 rats
99 creatures vanquished.

Vanquished Creatures (others)
  2 withered plants (D:6)
2 creatures vanquished.

Grand Total: 101 creatures vanquished

Notes
Turn   | Place    | Note
-------+----------+-------------------------------------------
     0 | D:1      | Lanoc the Formicid Ice Elementalist began the quest for the
                  | Orb.
     0 | D:1      | Reached XP level 1. HP: 13/13 MP: 3/3
   138 | D:2      | Reached XP level 2. HP: 9/19 MP: 0/5
   465 | D:2      | Reached XP level 3. HP: 9/24 MP: 2/6
   470 | D:2      | Learned a level 3 spell: Frozen Ramparts
   956 | D:3      | Noticed Ijyb
   963 | D:3      | Killed Ijyb
   963 | D:3      | Reached XP level 4. HP: 30/30 MP: 1/7
  1035 | D:3      | Found a hide-covered altar of Uskayaw.
  1035 | D:3      | Noticed a +0 hand axe
  1035 | D:3      | Noticed a +0 hand axe
  1097 | D:3      | Reached skill level 5 in Ice Magic
  1158 | D:3      | Found a glowing silver altar of Zin.
  1170 | D:3      | Became a worshipper of Zin the Law-Giver
  1319 | D:3      | Found a shattered altar of Ashenzari.
  1695 | D:4      | Found a staircase to the Ecumenical Temple.
  1696 | D:4      | Noticed Sigmund
  1699 | D:4      | Reached XP level 5. HP: 35/35 MP: 4/8
  1708 | Temple   | Entered the Ecumenical Temple
  2041 | D:4      | Killed Sigmund
  2041 | D:4      | Reached skill level 6 in Ice Magic
  2041 | D:4      | Reached XP level 6. HP: 31/41 MP: 5/9
  2464 | D:4      | Reached * piety under Zin
  2471 | D:4      | Found a runed translucent door.
  2494 | D:4      | Noticed tof's ghost (amateur MiBe)
  2563 | D:4      | Found a runed translucent door.
  2571 | D:4      | Reached XP level 7. HP: 46/46 MP: 6/10
  2612 | D:4      | Killed tof's ghost
  2612 | D:4      | Reached skill level 7 in Ice Magic
  2788 | D:4      | Reached ** piety under Zin
  3104 | D:5      | Entered Level 5 of the Dungeon
  3115 | D:5      | Noticed Blork the orc
  3119 | D:5      | Reached XP level 8. HP: 48/52 MP: 7/11
  3139 | D:5      | Killed Blork the orc
  3151 | D:5      | Learned a level 3 spell: Ozocubu's Armour
  3291 | D:5      | Found a runed translucent door.
  3297 | D:5      | Noticed suvakkihuora's ghost (novice VSWr)
  3320 | D:5      | Killed suvakkihuora's ghost
  3320 | D:5      | Reached skill level 8 in Ice Magic
  3320 | D:5      | Reached skill level 5 in Invocations
  3873 | D:5      | Noticed Pikel
  3876 | D:5      | Noticed Menkaure
  3892 | D:5      | Killed Menkaure
  3892 | D:5      | Reached skill level 5 in Dodging
  3925 | D:5      | Killed Pikel
  3925 | D:5      | Reached skill level 9 in Ice Magic
  3925 | D:5      | Reached XP level 9. HP: 52/57 MP: 4/13
  4335 | D:5      | Reached *** piety under Zin
  4391 | D:6      | Found a stormy altar of Qazlal.
  4597 | D:6      | Got a smoking ring mail
  4607 | D:6      | Identified the +1 ring mail of Limited Liability {rF+
                  | rCorr} (You found it on level 6 of the Dungeon)
  4686 | D:6      | Noticed Duvessa
  4686 | D:6      | Noticed Dowan
  4717 | D:6      | Killed Duvessa
  4753 | D:6      | Killed Dowan
  4953 | D:6      | Reached **** piety under Zin
  5795 | D:7      | Noticed Joseph
  5852 | D:6      | Killed from afar by a white imp

Illustrated notes

Levels and vault maps discovered:
D:1:      wheals_arrival_linesprint, layout_rooms
D:2:      layout_loops_ring, gammafunk_temple_overflow_wave
D:3:      layout_loops_ring, dancing_weapons_uskayaw, lemuel_crystal_altar,
          nicolae_ashenzari_panopticon, uniq_ijyb
D:4:      layout_rooms, minmay_temple_entry_purple_smoke, ebering_ghost_sewer_f,
          serial_rivers, chequers_serial_rivers_large_a,
          chequers_serial_rivers_micro_b, chequers_serial_rivers_micro_a,
          chequers_serial_rivers_micro_c, chequers_serial_rivers_small_a,
          uniq_sigmund
D:5:      layout_rooms, ebering_ghost_inner_flame, uniq_blork_the_orc,
          uniq_pikel, uniq_menkaure
D:6:      layout_loops_ring, grunt_qazlal_sundering, serial_undead,
          serial_undead_a, serial_undead_a, serial_undead_b, serial_undead_a,
          uniq_duvessa
D:7:      layout_cave_pools, serial_column_ruins, column_ruins_hut,
          column_ruins_hut_pillars, column_ruins_open_medium,
          column_ruins_columns_corner, column_ruins_grid_3,
          column_ruins_corridor_straight, fountainhead, trog_wizard, uniq_joseph
Temple:   nicolae_temple_elliptical

Skill      XL: |  1  2  3  4  5  6  7  8  9 |
---------------+----------------------------+-----
Dodging        | 2 3 4 5 6 |  6.0
Ice Magic      | 5 6 7 9 |  9.9
Invocations    | 2 3 6 |  6.8
Stealth        | |  2.4
Spellcasting   | |  2.1

Action                   |  1- 3 |  4- 6 |  7- 9 || total
-------------------------+-------+-------+-------++-------
Melee: Unarmed           |    13 |    28 |   281 ||   322
Throw: Dart              |       |       |     2 ||     2
 Cast: Freeze            |    18 |     4 |       ||    22
       Frozen Ramparts   |     2 |    17 |    52 ||    71
Invok: Recite            |       |       |    18 ||    18
 Abil: Dig               |       |       |     2 ||     2
Armor: Robe              |     9 |       |       ||     9
       Leather armour    |       |    16 |   133 ||   149
Dodge: Dodged            |    15 |    29 |   246 ||   290

Table legend: (Time is in decaauts)
 A = Elapsed time spent in this place.
 B = Non-inter-level travel time spent in this place.
 C = Inter-level travel time spent in this place.
 D = Time resting spent in this place.
 E = Time spent auto-exploring this place.
 F = Levels seen in this place.
 G = Mean time per level.
                   A        B        C        D        E       F      G
               +--------+--------+--------+--------+--------+-----+--------+
         Total |   5875 |   5587 |    288 |    229 |   3952 |   8 |  734.4 |
       Dungeon |   5558 |   5280 |    278 |    229 |   3658 |   7 |  794.0 |
        Temple |    317 |    307 |     10 |      0 |    294 |   1 |  317.0 |
               +--------+--------+--------+--------+--------+-----+--------+

Top non-repeatable levels by time:
     D:6: 1408 daAuts
     D:3: 1403 daAuts
     D:5: 1228 daAuts
     D:4: 1162 daAuts
  Temple: 317 daAuts
     D:2: 247 daAuts
     D:1: 97 daAuts
     D:7: 11 daAuts
